 Dungeon Crawl Stone Soup version 0.30.1-3-gfc49f6343a (webtiles) character file.

Game seed: 3689973973185807317

588378 Gabide the Pharaoh (level 25, -21/228 HPs)
             Began as a Mummy Berserker on Aug 1, 2023.
             Was a High Priest of Trog.
             Killed from afar by an orb of fire (33 damage)
             ... with a fireball
             ... on level 2 of the Realm of Zot on Aug 3, 2023.
             The game lasted 03:55:32 (84023 turns).

Gabide the Pharaoh (Mummy Berserker)               Turns: 84023, Time: 03:55:33

Health: -21/228    AC: 37    Str: 35      XL:     25   Next: 59%
Magic:  23/23      EV: 24    Int:  7      God:    Trog [*****.]
Gold:   1935       SH: 10    Dex: 12 (13) Spells: 24/24 levels left

rFire   . .          .
                       - Unarmed
rCold   + . .        C - +3 buckler {AC+3}
rNeg    + + +        z - +5 storm dragon scales {Bai Suzhen}
rPois   ∞            y - +2 helmet "Kiut" {rF+ rC+ Str+5}
rElec   +            f - +2 cloak of the Thief {*Fog Slay-2 SInv Stlth+}
rCorr   +            b - +2 pair of gloves
SInv    +            I - +2 pair of boots {Fly}
Will    +++++        j - amulet of the Four Winds {rN+ Will+++ Clar} Stlth
                     L - ring of the Hare {EV+10}
HPRegen 0.58/turn    r - ring "Pecs" {+Blink rC- rN+ rCorr Slay+5}
MPRegen 0.18/turn

%: clarity, faith
@: flying, studying 3 skills
A: cold resistance 1, negative energy resistance 3, torment resistance 2, heat
vulnerability 1, in touch with death 2, no potions, faith
}: 4/15 runes: serpentine, barnacled, slimy, abyssal
a: Renounce Religion, Evoke Blink, Trog's Hand, Brothers in Arms


You were on level 2 of the Realm of Zot.
You worshipped Trog.
Trog was extremely pleased with you.
You visited 11 branches of the dungeon, and saw 51 of its levels.
You visited the Abyss 2 times.
You also visited: Trove, Sewer, Gauntlet, Ice Cave and Desolation.

You collected 6256 gold pieces.
You spent 4321 gold pieces at shops.

Inventory:

Hand Weapons
 d - a +0 short sword
 G - a +0 mace of distortion
Missiles
 g - 31 curare-tipped darts (quivered)
 k - a throwing net
 s - 24 boomerangs
 T - 9 javelins
Armour
 b - a +2 pair of gloves (worn)
 c - a +1 cloak
 f - the +2 cloak of the Thief (worn) {*Fog Slay-2 SInv Stlth+}
   (You bought it in a shop on level 2 of the Orcish Mines)

   *Fog:      It may release a thick cloud of smoke when the wearer is hurt.
   Slay:      It affects your accuracy & damage with ranged weapons and melee
   (-2).
   SInv:      It lets you see invisible.
   Stlth:     It makes you more stealthy.
 y - the +2 helmet "Kiut" (worn) {rF+ rC+ Str+5}
   (You bought it in a shop on level 2 of the Orcish Mines)

   Str:       It affects your strength (+5).
   rF:        It protects you from fire.
   rC:        It protects you from cold.
 z - +5 storm dragon scales (worn) {Bai Suzhen}
 C - a +3 buckler of protection (worn)
 I - a +2 pair of boots of flying (worn)
Jewellery
 j - the amulet of the Four Winds (around neck) {rN+ Will+++ Clar}
   (You found it on level 5 of the Lair of Beasts)

   [amulet of nothing]

   rN:        It protects you from negative energy.
   Clar:      It protects you from confusion, rage, mesmerisation and fear.
   Will:      It greatly increases your willpower.
 m - a +4 ring of slaying
 p - a ring of resist corrosion
 r - the ring "Pecs" (right hand) {+Blink rC- rN+ rCorr Slay+5}
   (You found it on level 3 of the Crypt)

   [ring of positive energy]

   Slay:      It affects your accuracy & damage with ranged weapons and melee
   (+5).
   rC:        It makes you vulnerable to cold.
   rN:        It protects you from negative energy.
   +Blink:    It lets you blink.
   rCorr:     It protects you from acid and corrosion.
 w - the ring "Rasagh" {rPois Str+5 SInv}
   (You bought it in a shop on level 2 of the Orcish Mines)

   [ring of see invisible]

   Str:       It affects your strength (+5).
   rPois:     It protects you from poison.
   SInv:      It lets you see invisible.
 A - a +6 ring of intelligence
 B - a ring of fire
 L - the ring of the Hare (left hand) {EV+10}
   (You took it off a minotaur in a Gauntlet)

   [ring of evasion]

   EV:        It affects your evasion (+10).
 X - the ring of Dyusuriy {rF+ rC+ Dex+2}
   (You took it off an imperial myrmidon in the Desolation of Salt)

   [ring of protection from fire]

   Dex:       It affects your dexterity (+2).
   rF:        It protects you from fire.
   rC:        It protects you from cold.
Wands
 i - a wand of iceblast (61)
 o - a wand of acid (18)
 q - a wand of digging (37)
Scrolls
 a - 2 scrolls of fear
 e - 11 scrolls of vulnerability
 h - 10 scrolls of teleportation
 l - 10 scrolls of fog
 n - a scroll of summoning
 t - 3 scrolls of silence
 u - 10 scrolls of poison
 x - a scroll of enchant weapon
 E - 3 scrolls of magic mapping
 P - 2 scrolls of torment
Miscellaneous
 v - a phial of floods
 D - a phantom mirror
 J - a lightning rod (4/4)
 N - a box of beasts
 W - a tin of tremorstones (2/2)


   Skills:
 + Level 25.3 Fighting
 - Level 12.0 Throwing
 - Level 12.0 Armour
 - Level 12.0 Dodging
 - Level 12.0 Shields
 O Level 27 Unarmed Combat


You had 24 spell levels left.
You didn't know any spells.
Your spell library was empty.

Dungeon Overview and Level Annotations

Branches:
Dungeon (15/15)            Temple (0/1) D:5            Lair (5/5) D:11
 Shoals (4/4) Lair:2        Snake (4/4) Lair:2        Slime (5/5) Lair:4
    Orc (2/2) D:10            Elf (3/3) Orc:2        Vaults (4/5) D:13
  Crypt (3/3) Vaults:3       Tomb (0/3) Crypt:3      Depths (4/4) D:15
    Zot (2/5) Depths:4      Sewer (visited)           IceCv (visited)
Desolation (visited)      Gauntlet (visited)

Altars:
Ashenzari
Cheibriados
Gozag
Kikubaaqudgha
Makhleb
Nemelex Xobeh
Okawaru
Qazlal
Trog
Uskayaw
Wu Jian
Xom
Yredelemnul
Jiyva
Lugonu

Shops:
D:6 *   D:10 =   Orc:2 (*[=   Elf:1 *   Snake:2 ?[[[   Snake:3 (   Snake:4 =::
Vaults:1 ?**!

Portals:
Hell: Depths:1 Depths:2 Depths:3 Depths:4
Abyss: Vaults:3 Depths:2 Depths:3 Depths:4
Pandemonium: Depths:2
Ziggurat: Depths:2

Annotations:
D:5 1 runed translucent door, Sensen's ghost, amateur DgEE
Snake:3 2 transporters, Heuqoc's ghost, adept TeFi
Vaults:3 2 transporters, Toam's ghost, veteran VSVM
Zot:2 1 runed translucent door, Emnejil's ghost, master VSBe


Innate Abilities, Weirdness & Mutations

You are immune to poison.
Your flesh is cold resistant. (rC+)
You are immune to negative energy. (rN+++)
You are immune to unholy pain and torment.
You are vulnerable to heat. (rF-)
You are strongly in touch with the powers of death.
You do not drink.
You have a special connection with the divine. (Faith)


Message History

The orb of fire is heavily damaged.
The orb of fire glows bright magenta.
The fireball explodes!
The fireball engulfs you!!
* * * LOW HITPOINT WARNING * * *
With a swish of your cloak, you release a cloud of fog.
The fireball engulfs your troll!!!
The fireball engulfs the orb of fire.
The orb of fire completely resists.
Your troll closely misses the orb of fire.
Your troll completely misses the orb of fire. x2
Your iron troll goes berserk!
The orb of fire glows red.
The fireball explodes!
The fireball engulfs your troll!!!!
Your troll dies!
Your troll's corpse disappears in a puff of smoke!
The fireball engulfs the orb of fire.
The orb of fire completely resists.
The fireball engulfs you!!!
* * * LOW HITPOINT WARNING * * *
With a swish of your cloak, you release a cloud of fog.
As you read the scroll of summoning, it crumbles to dust.
Wisps of shadow whirl around you...
The orb of fire emits a lurid red light.
The bolt of fire hits your iron troll!!!
Your iron troll resists.
Your iron troll closely misses the orb of fire. x2
Your iron troll barely misses the orb of fire.
Your two-headed ogre goes berserk!
The orb of fire glows yellow.
The fireball explodes!
The fireball engulfs your iron troll!!
Your iron troll resists.
The fireball engulfs your moth of wrath!!!
The fireball engulfs the orb of fire.
The orb of fire completely resists.
Your moth of wrath bites the orb of fire but does no damage.
Your iron troll completely misses the orb of fire.
Your iron troll claws the orb of fire but does no damage.
Your iron troll barely misses the orb of fire.
You miss the orb of fire.
The orb of fire is heavily damaged.
The orb of fire emits a lurid red light.
The fireball explodes!
The fireball engulfs you!!
You die...

#.. #..
###..####+#############
#)#...................#
.(+..§§§§§§..........<#
#W#..§§§§§§...........#
##§§§§§§§§...........#
##§Oy§#§##..........#
#.§*@#§§#..........#
#.Ty§#*.#..........#
#.§§§#..#..........#
+....#..#..........#
#....#.(#..........#
#....####....<.....#
..#### ######....=# ...
#######


You could see an orb of fire (ally target), a friendly iron troll (summoned,
berserk), a friendly two-headed ogre (summoned, berserk) and 2 friendly moths of
wrath.

Vanquished Creatures
  2 ancient liches (Crypt:3)
  Saint Roka (Crypt:3)
  Xtahua (Crypt:1)
  A curse toe (Crypt:3)
  2 caustic shrikes
  4 golden dragons
  Jory (Crypt:1)
  4 bone dragons
  6 tentacled monstrosities
  2 Hell Sentinels (Abyss:3)
  5 liches
  4 titans
  2 deep elf blademasters (Elf:3)
  A walking divine tome (Depths:3)
  2 deep elf master archers (Elf:3)
  4 quicksilver dragons
  10 tentacled starspawn
  A kraken (Shoals:4)
  Kirke (Shoals:2)
  21 acid blobs
  4 sphinxes
  7 ancient champions
  5 storm dragons
  Agnes (Snake:4)
  4 tengu reavers
  A shadow dragon (Depths:3)
  4 nagarajas
  12 fire giants
  2 revenants
  12 azure jellies
  10 rockslimes
  2 iron dragons
  4 deep elf sorcerers
  Aizul (Elf:3)
  5 frost giants
  2 balrugs
  8 vault wardens
  2 imperial myrmidons (Desolation)
  2 curse skulls
  5 ghouls
  17 ironbound preservers
  11 quicksilver oozes
  5 orc warlords
  2 draconian annihilators (Depths:4)
  2 spriggan defenders (Depths:4)
  A reaper (Depths:2)
  6 deep elf elementalists (Elf:3)
  2 caustic shrike skeletons
  4 ironbound thunderhulks
  16 stone giants
  A war gargoyle (Vaults:4)
  42 very ugly things
  5 black draconians
  Nessos (D:12)
  3 deep elf demonologists
  4 vampire knights
  A green draconian (Zot:1)
  A halazid warlock (Desolation)
  17 dire elephants
  6 deep elf annihilators (Elf:3)
  A purple draconian (Abyss:3)
  3 spark wasps (Depths:3)
  3 yellow draconians (Depths:4)
  9 deep elf death magi
  9 merfolk impalers
  2 eidola
  2 entropy weavers (Vaults:3)
  11 fire dragons
  A merfolk javelineer (Shoals:3)
  3 crystal guardians
  A spriggan zombie (Crypt:1)
  A quicksilver dragon skeleton (Abyss:3)
  8 ettins
  11 yaktaur captains
  6 jiangshi
  4 deep elf high priests
  3 servants of whispers (Desolation)
  Fannar (D:11)
  16 great orbs of eyes
  7 rakshasas
  The ghost of Liimbo the Fighter, a journeyman FoWn of Cheibriados (D:13)
  5 ice dragons
  8 hydras
  5 vault guards
  6 ironbound frosthearts
  12 peacekeepers
  4 salamander tyrants
  3 spriggan air magi
  The ghost of Atelerd the Covert, a journeyman OpEE of Sif Muna (D:9)
  4 alligator snapping turtles
  An anaconda (shapeshifter) (D:15)
  5 death knights
  14 centaur warriors
  An ogre mage (D:9)
  3 merfolk avatars
  A jorogumo (shapeshifter) (Depths:3)
  29 dancing weapons
  An azure jelly zombie (Crypt:2)
  4 catoblepae
  3 spriggan skeletons
  7 boulder beetles
  17 anacondas
  3 two-headed ogres
  A satyr (Shoals:3)
  14 death yaks
  4 merfolk aquamancers (Shoals:3)
  5 naga warriors
  2 death scarabs (Gauntlet)
  7 tengu warriors
  3 deep troll shamans
  A hell hog (Abyss:3)
  4 deep troll earth magi
  2 soul eaters (Crypt:2)
  A quicksilver ooze zombie (Crypt:1)
  10 hell knights
  4 vampire magi
  11 naga sharpshooters
  18 thrashing horrors
  An emperor scorpion zombie (Crypt:2)
  4 shock serpents
  11 deep elf knights
  2 sun demons (Abyss:3)
  2 orc high priests
  5 salamander mystics
  4 iron trolls
  11 wretched stars
  4 shadow wraiths
  Amaemon (D:10)
  A titan zombie (Abyss:2)
  3 sixfirhies
  18 skeletal warriors
  5 skysharks
  5 glowing orange brains
  A spectral death yak (Gauntlet)
  An orb spider (Abyss:1)
  An elf simulacrum (Crypt:2)
  8 flayed ghosts
  15 sea snakes
  47 deep trolls
  3 anaconda zombies
  4 bog bodies
  A deep troll (shapeshifter) (Elf:3)
  A spectral hydra (Gauntlet)
  5 naga ritualists
  10 deep elf archers
  A kraken simulacrum (Shoals:4)
  17 deep elf zephyrmancers
  8 necromancers
  13 orc knights
  14 ironbound convokers
  13 lindwurms
  23 harpies
  3 anaconda skeletons
  12 mana vipers
  3 wizards
  25 deep elf pyromancers
  A tengu skeleton (Crypt:1)
  7 phantasmal warriors
  4 shining eyes
  38 ugly things
  An oklob plant (Lair:4)
  A will-o-the-wisp (Abyss:3)
  8 fauns
  5 orc sorcerers (Orc:2)
  12 salamanders
  2 worldbinders (Abyss:2)
  9 cyclopes
  4 moths of wrath (Zot:1)
  A salamander (shapeshifter) (D:10)
  20 manticores
  15 vault sentinels
  2 stone giant skeletons
  14 merfolk sirens
  2 rust devils
  9 smoke demons
  3 water nymphs
  Maurice (D:8)
  27 black mambas
  8 naga magi
  2 ice statues (IceCv)
  13 guardian serpents
  An apocalypse crab (Abyss:3)
  2 eyes of devastation
  An alligator snapping turtle zombie (Crypt:2)
  A shock serpent skeleton (Crypt:1)
  A gargoyle (D:11)
  6 kobold demonologists
  A torpor snail (Lair:3)
  3 orange demons
  7 cane toads
  A death yak zombie (Crypt:3)
  2 rime drakes
  A naga skeleton (Crypt:3)
  22 yaktaurs
  4 komodo dragons
  A bunyip simulacrum (Crypt:2)
  5 tengu conjurers
  9 ice devils (IceCv)
  2 efreet
  2 iron troll zombies
  7 freezing wraiths
  4 guardian mummies (Crypt:2)
  4 polar bears
  26 merfolk
  An anaconda simulacrum (IceCv)
  A purple draconian skeleton (Crypt:1)
  9 ancient zymes
  An alligator snapping turtle skeleton (Crypt:3)
  2 hellwings
  7 meliai
  A hornet (Vaults:3)
  4 trolls
  A polar bear (shapeshifter) (Abyss:3)
  5 wind drakes
  A minotaur skeleton (Crypt:1)
  A tyrant leech (Gauntlet)
  A death drake zombie (Crypt:2)
  14 blink frogs
  34 saltlings (Desolation)
  14 raiju
  8 snapping turtles
  2 dream sheep (Shoals:3)
  A jumping spider (Vaults:3)
  An ice dragon zombie (Crypt:3)
  108 slime creatures
  3 shadows
  3 air elementals (Elf:1)
  26 large abominations
  4 flying skulls
  A centaur simulacrum (D:15)
  6 dire elephant simulacra (IceCv)
  3 ynoxinuls
  53 yaks
  8 vampires
  4 fire elementals
  15 water elementals
  10 wraiths
  An alligator skeleton (Crypt:2)
  3 fire bats (Abyss:3)
  7 golden eyes
  3 basilisks
  10 wyverns
  8 chaos spawn
  2 redbacks
  5 neqoxecs
  A wind drake skeleton (Crypt:1)
  6 hogs (Shoals:2)
  A vampire mosquito (D:9)
  2 steam dragons
  2 swamp worms (Gauntlet)
  4 acid dragons
  15 water moccasins
  3 wargs
  3 harpy simulacra (IceCv)
  Edmund (D:6)
  3 hell hounds (Abyss:3)
  24 nagas
  2 floating eyes (Depths:3)
  A swamp drake (shapeshifter) (D:9)
  28 orc warriors
  15 small abominations
  A black bear (shapeshifter) (D:15)
  A dream sheep zombie (Crypt:1)
  A black bear (Lair:1)
  A sky beast (D:6)
  14 ogres
  6 boggarts
  10 wolves
  11 centaurs
  38 starcursed masses
  A phantom (D:5)
  A rime drake zombie (Crypt:2)
  13 kobold brigands
  3 gnoll sergeants
  6 bullfrogs
  2 scorpions
  2 earth elementals
  A komodo dragon skeleton (Crypt:3)
  4 necrophages
  13 wights
  A cyclops skeleton (Crypt:1)
  7 killer bees
  A troll skeleton (Crypt:3)
  3 howler monkeys
  3 electric eels
  A centaur zombie (D:3)
  A bullfrog zombie (Crypt:2)
  2 quasits
  5 hounds
  A jelly (D:6)
  12 orc priests
  Crazy Yiuf (D:6)
  2 iron imps
  Natasha (thrice) (D:3)
  An iguana (shapeshifter) (Vaults:1)
  5 iguanas
  17 orc wizards
  Ijyb (D:3)
  A basilisk skeleton (Crypt:2)
  2 sleepcaps (D:5)
  5 hell rats (Lair:4)
  A wolf simulacrum (IceCv)
  A spriggan simulacrum (IceCv)
  An ogre skeleton (Crypt:2)
  An acid dragon skeleton (Crypt:3)
  15 gnolls
  13 adders
  A naga simulacrum (IceCv)
  6 river rats (Sewer)
  A swamp drake skeleton (Crypt:1)
  4 white imps
  3 ufetubi
  A lava snake zombie (Crypt:3)
  An adder skeleton (Crypt:2)
  2 adder zombies (D:3)
  A worm (D:2)
  4 dart slugs
  56 orcs
  4 bats
  8 endoplasms
  3 giant cockroaches
  7 goblins
  4 hobgoblins
  6 jackals (D:3)
  22 kobolds
  6 quokkas
  6 ball pythons
  9 frilled lizards
  A giant cockroach zombie (D:3)
  15 rats
  5 starspawn tentacles
2185 creatures vanquished.

Vanquished Creatures (collateral kills)
  the Royal Jelly (Slime:5)
  2 ancient liches (Crypt:3)
  Mennas (Crypt:2)
  Bai Suzhen (Snake:3)
  Vashnia (Snake:3)
  Vv (Crypt:3)
  A caustic shrike (Depths:3)
  Rupert (D:14)
  A titan (Depths:2)
  A lich (Depths:3)
  A walking divine tome (Depths:3)
  An acid blob (Slime:5)
  Polyphemus (Shoals:1)
  An imperial myrmidon (Desolation)
  A fire giant (Depths:3)
  An orc warlord (Vaults:1)
  A very ugly thing (Depths:3)
  3 quicksilver oozes (Slime:4)
  A minotaur (Gauntlet)
  An ettin (Depths:1)
  3 ragged hierophants (Desolation)
  5 servants of whispers (Desolation)
  A vault guard (D:13)
  2 peacekeepers (Desolation)
  A satyr (Shoals:4)
  An anaconda (Snake:3)
  A deep troll shaman (Depths:2)
  A naga warrior (Snake:3)
  A spriggan berserker (Depths:1)
  A dancing weapon (Elf:2)
  3 thrashing horrors (Abyss:4)
  2 hell knights (Depths:2)
  2 deep elf knights (Elf:2)
  2 wretched stars
  A salamander mystic (Snake:4)
  2 skeletal warriors (D:14)
  2 deep trolls (Depths:2)
  A sea snake (Shoals:4)
  A lindwurm (Vaults:1)
  2 necromancers (Depths:2)
  A deep elf pyromancer (Elf:2)
  A deep elf zephyrmancer (Elf:3)
  A cyclops (D:13)
  3 fauns (Shoals:4)
  A salamander (Snake:3)
  A black mamba (Snake:3)
  A guardian serpent (Desolation)
  A naga mage (Snake:3)
  Joseph (D:8)
  A rime drake (shapeshifter) (Depths:2)
  A troll (D:13)
  A meliai (Abyss:4)
  A merfolk (Shoals:2)
  A queen bee (Abyss:4)
  A wind drake (Shoals:4)
  17 saltlings (Desolation)
  3 raiju (Abyss:4)
  2 slime creatures (D:13)
  A ynoxinul (Abyss:3)
  3 nagas
  An orc (D:8)
102 creatures vanquished.

Vanquished Creatures (others)
  A fire giant (Depths:3)
  A deep elf death mage (Elf:3)
  A wizard (Vaults:4)
  An orc knight (Vaults:3)
  A deep elf zephyrmancer (Elf:1)
  2 saltlings (Desolation)
  A slime creature (D:13)
  A golden eye (Abyss:3)
  An orc wizard (D:13)
  2 foxfires (Abyss:3)
  3 lurking horrors
  8 starspawn tentacles (Abyss:3)
  14 tentacles (Shoals:4)
37 creatures vanquished.

Grand Total: 2324 creatures vanquished

Notes
Turn   | Place    | Note
-------+----------+-------------------------------------------
     0 | D:1      | Gabide the Mummy Berserker began the quest for the Orb.
     0 | D:1      | Reached XP level 1. HP: 18/18 MP: 1/1
   159 | D:1      | Reached XP level 2. HP: 21/24 MP: 2/2
   729 | D:1      | Gained mutation: You are in touch with the powers of death.
                  | [Mummy growth]
   729 | D:1      | Reached XP level 3. HP: 23/29 MP: 3/3
  1188 | D:2      | Reached ** piety under Trog
  1416 | D:2      | Reached skill level 3 in Unarmed Combat
  2172 | D:3      | Reached XP level 4. HP: 35/35 MP: 4/4
  2172 | D:3      | Noticed Ijyb
  2189 | D:3      | Killed Ijyb
  2441 | D:3      | Found a glowing drain.
  2477 | Sewer    | Entered a sewer
  2528 | Sewer    | Reached XP level 5. HP: 41/41 MP: 5/5
  2740 | Sewer    | Reached *** piety under Trog
  3126 | D:3      | Noticed Natasha
  3161 | D:3      | Killed Natasha
  3234 | D:3      | Reached XP level 6. HP: 47/47 MP: 6/6
  3246 | D:3      | Noticed Natasha
  3259 | D:3      | Killed Natasha
  3260 | D:3      | Reached skill level 4 in Unarmed Combat
  3451 | D:3      | Found a faded altar of an unknown god.
  3492 | D:3      | Noticed Natasha
  3507 | D:3      | Killed Natasha
  3853 | D:4      | Found a snail-covered altar of Cheibriados.
  3975 | D:4      | Reached **** piety under Trog
  4011 | D:4      | Found an iron altar of Okawaru.
  4263 | D:4      | Identified the +2 ring mail "Pocamyko" {rPois rN+}
  4373 | D:4      | Found a sparkling altar of Nemelex Xobeh.
  4490 | D:5      | Entered Level 5 of the Dungeon
  4839 | D:5      | Found an ornate altar of the Wu Jian Council.
  4861 | D:5      | Found a staircase to the Ecumenical Temple.
  4934 | D:5      | Reached skill level 5 in Unarmed Combat
  4934 | D:5      | Reached XP level 7. HP: 55/55 MP: 7/7
  5127 | D:5      | Found a runed translucent door.
  5128 | D:5      | Noticed Sensen's ghost (amateur DgEE)
  5221 | D:5      | Reached skill level 5 in Fighting
  5470 | D:5      | Reached skill level 6 in Unarmed Combat
  5886 | D:6      | Reached XP level 8. HP: 49/63 MP: 5/8
  6037 | D:6      | Noticed Edmund
  6040 | D:6      | Killed Edmund
  6072 | D:6      | Reached skill level 7 in Unarmed Combat
  6198 | D:6      | Found a runed translucent door.
  6199 | D:6      | Noticed Crazy Yiuf
  6256 | D:6      | Reached XP level 9. HP: 71/71 MP: 9/9
  6280 | D:6      | Found Finatzar's Overcharged Wands.
  6352 | D:6      | Reached skill level 8 in Unarmed Combat
  6690 | D:6      | Reached ***** piety under Trog
  6740 | D:6      | Found a burning altar of Makhleb.
  6841 | D:6      | Killed Crazy Yiuf
  7348 | D:7      | Received a gift from Trog
  7403 | D:7      | You are sucked into a shaft and drop 2 floors!
  8548 | D:8      | Reached skill level 9 in Unarmed Combat
  8756 | D:8      | Noticed Joseph
  8777 | D:8      | Killed Joseph
  8938 | D:8      | Noticed Maurice
  8999 | D:8      | Killed Maurice
  9074 | D:8      | Reached XP level 10. HP: 75/82 MP: 10/10
  9239 | D:9      | Noticed Atelerd's ghost (journeyman OpEE)
  9255 | D:9      | Reached skill level 10 in Unarmed Combat
  9277 | D:9      | Found a runed translucent door.
  9499 | D:9      | Noticed a two-headed ogre
  9546 | D:9      | Killed a two-headed ogre
  9921 | D:9      | Reached skill level 11 in Unarmed Combat
  9977 | D:9      | Noticed a boulder beetle
 10015 | D:9      | Killed a boulder beetle
 10087 | D:9      | Noticed a manticore
 10110 | D:9      | Killed a manticore
 10138 | D:9      | Noticed an ice dragon
 10138 | D:9      | Noticed a tengu warrior
 10138 | D:9      | Noticed a manticore
 10145 | D:9      | Killed a tengu warrior
 10146 | D:9      | Reached XP level 11. HP: 72/90 MP: 11/11
 10148 | D:9      | Reached skill level 10 in Fighting
 10169 | D:9      | Killed an ice dragon
 10170 | D:9      | Reached skill level 12 in Unarmed Combat
 10181 | D:9      | Noticed an ogre mage
 10218 | D:9      | Killed an ogre mage
 10550 | D:9      | Killed Atelerd's ghost
 10572 | D:10     | Entered Level 10 of the Dungeon
 10722 | D:10     | Noticed a boulder beetle
 10728 | D:10     | Noticed a tengu warrior
 10761 | D:10     | Killed a tengu warrior
 10776 | D:10     | Killed a boulder beetle
 10777 | D:10     | Reached skill level 13 in Unarmed Combat
 11086 | D:10     | Found a bloodstained altar of Trog.
 11088 | D:10     | Found an opulent altar of Gozag.
 11154 | D:10     | Found a hide-covered altar of Uskayaw.
 11196 | D:10     | Noticed Amaemon
 11469 | D:10     | Killed Amaemon
 11528 | D:10     | Noticed a centaur warrior
 11532 | D:10     | Noticed a centaur warrior
 11536 | D:10     | Killed a centaur warrior
 11552 | D:10     | Killed a centaur warrior
 11553 | D:10     | Reached XP level 12. HP: 89/100 MP: 12/12
 11572 | D:10     | Identified the amulet of Ystapnuc {Faith rC+ Int+3}
 11572 | D:10     | Identified the +6 short sword of Crystal {flame, *Corrode
                  | rPois Int+2}
 11632 | D:10     | Noticed a two-headed ogre
 11643 | D:10     | Killed a two-headed ogre
 11746 | D:10     | Found Sostomir's Jewellery Boutique.
 11747 | D:10     | Found a staircase to the Orcish Mines.
 11809 | D:10     | Found a stormy altar of Qazlal.
 12131 | Abyss:1  | Cast into level 1 of the Abyss (orc)
 12136 | D:10     | Escaped the Abyss
 12247 | D:11     | Reached skill level 14 in Unarmed Combat
 12634 | D:11     | Noticed a boulder beetle
 12647 | D:11     | Killed a boulder beetle
 12690 | D:11     | Noticed Fannar
 12706 | D:11     | Noticed a boulder beetle
 12719 | D:11     | Killed Fannar
 12738 | D:11     | Killed a boulder beetle
 12839 | D:11     | Found a staircase to the Lair.
 12968 | D:11     | Reached skill level 15 in Unarmed Combat
 13156 | Lair:1   | Entered Level 1 of the Lair of Beasts
 13238 | Lair:1   | Reached skill level 1 in Shields
 13883 | Lair:2   | Found a staircase to the Snake Pit.
 13982 | Lair:2   | Received a gift from Trog
 14023 | Lair:1   | Gained mutation: You are strongly in touch with the powers
                  | of death. [Mummy growth]
 14023 | Lair:1   | Reached XP level 13. HP: 90/108 MP: 13/13
 14095 | Lair:2   | Reached skill level 5 in Armour
 14244 | Lair:2   | Found a staircase to the Shoals.
 15452 | Lair:4   | Reached skill level 5 in Dodging
 15554 | Lair:4   | Found a gate leading to a gauntlet.
 15559 | Gauntlet | Entered a Gauntlet
 15559 | Gauntlet | Found a transporter.
 15562 | Gauntlet | Found a runed translucent door.
 15562 | Gauntlet | Found a transporter.
 15578 | Gauntlet | Found a transporter.
 15578 | Gauntlet | Found a transporter.
 15588 | Gauntlet | Found a transporter.
 15608 | Gauntlet | Found a transporter.
 15612 | Gauntlet | Found a transporter.
 15616 | Gauntlet | Found a transporter.
 15632 | Gauntlet | Noticed a blizzard demon
 15635 | Gauntlet | Found a transporter.
 15655 | Gauntlet | Found a transporter.
 15659 | Gauntlet | Found a transporter.
 15667 | Gauntlet | Found a transporter.
 15757 | Gauntlet | Identified the +3 leather armour "Weliaps" {rElec rPois
                  | MP+9}
 15867 | Gauntlet | Received a gift from Trog
 15993 | Gauntlet | Identified the ring "Voiphuenea" {Fire Drain rN+++ Will+}
 16029 | Gauntlet | Noticed a minotaur
 16066 | Gauntlet | Killed a minotaur
 16267 | Lair:4   | Reached skill level 5 in Shields
 16793 | Lair:4   | Found a viscous altar of Jiyva.
 16793 | Lair:4   | Found a staircase to the Slime Pits.
 16939 | Lair:5   | Entered Level 5 of the Lair of Beasts
 17318 | Lair:5   | Identified the +5 ring mail of the Pit {Harm Int+2}
 17368 | Lair:5   | Reached XP level 14. HP: 115/115 MP: 14/14
 18216 | Lair:5   | Reached skill level 16 in Unarmed Combat
 18330 | Lair:5   | Found the amulet of the Four Winds {rN+ Will+++ Clar}
 19065 | D:12     | Found a frozen archway.
 19335 | IceCv    | Entered an ice cave
 20424 | D:12     | Found the +5 Lochaber axe {reach-cleave, Poleaxe Drain}
 21757 | D:13     | Found a gate to the Vaults.
 22207 | D:13     | Noticed Nessos
 22320 | D:12     | Reached skill level 17 in Unarmed Combat
 22496 | D:12     | Killed Nessos
 22497 | D:12     | Reached XP level 15. HP: 125/125 MP: 15/15
 22547 | D:13     | Found a runed translucent gate.
 22548 | D:13     | Found a runed translucent gate.
 22548 | D:13     | Noticed Liimbo's ghost (journeyman FoWn)
 22549 | D:13     | Found a runed translucent gate.
 23064 | D:13     | Killed Liimbo's ghost
 23768 | D:14     | Noticed Rupert
 23792 | D:14     | Killed Rupert
 24027 | D:14     | Found a portal to a secret trove of treasure.
 24773 | D:15     | Entered Level 15 of the Dungeon
 25285 | D:15     | Found a staircase to the Depths.
 25304 | D:15     | Received a gift from Trog
 25570 | D:15     | Reached skill level 18 in Unarmed Combat
 25893 | Orc:1    | Entered Level 1 of the Orcish Mines
 26086 | Orc:1    | Found a runed translucent door.
 26489 | Orc:2    | Entered Level 2 of the Orcish Mines
 26506 | Orc:2    | Found a staircase to the Elven Halls.
 26722 | Orc:2    | Received a gift from Trog
 26852 | Orc:2    | Reached skill level 15 in Fighting
 27314 | Orc:2    | Found Danuc's Antique Armour Shop.
 27331 | Orc:2    | Found Erougg's Jewellery Shop.
 27514 | Orc:2    | Found Tommuciw's Antique Weapon Shop.
 27529 | Orc:2    | Found Qisogg's General Store.
 27536 | Orc:2    | Bought a scroll of fog for 40 gold pieces
 27672 | Orc:2    | Bought a bloodstained leather armour for 259 gold pieces
 27672 | Orc:2    | Identified the +0 leather armour "Zapeta" {rC- rN+ SInv}
                  | (You bought it in a shop on level 2 of the Orcish Mines)
 27672 | Orc:2    | Bought a fine helmet for 351 gold pieces
 27672 | Orc:2    | Identified the +2 helmet "Kiut" {rF+ rC+ Str+5} (You bought
                  | it in a shop on level 2 of the Orcish Mines)
 27716 | Orc:2    | Bought an ancient plate armour for 1036 gold pieces
 27716 | Orc:2    | Identified the +9 plate armour of Dosiduf {Harm Int+2
                  | Stlth+} (You bought it in a shop on level 2 of the Orcish
                  | Mines)
 27732 | Orc:2    | Bought the ring "Rasagh" {rPois Str+5 SInv} for 550 gold
                  | pieces
 28074 | Shoals:1 | Entered Level 1 of the Shoals
 28598 | Shoals:1 | Reached XP level 16. HP: 128/136 MP: 16/16
 29210 | Shoals:1 | Reached ****** piety under Trog
 29738 | Shoals:1 | Received a gift from Trog
 30094 | Shoals:2 | Noticed Polyphemus
 30231 | Shoals:1 | Reached skill level 19 in Unarmed Combat
 30234 | Shoals:1 | Killed Polyphemus
 30651 | Shoals:2 | Noticed Kirke
 30804 | Shoals:2 | Killed Kirke
 32072 | Shoals:3 | Received a gift from Trog
 32885 | Shoals:4 | Entered Level 4 of the Shoals
 33664 | Shoals:4 | Reached skill level 20 in Unarmed Combat
 34030 | Shoals:3 | Received a gift from Trog
 34031 | Shoals:3 | Reached XP level 17. HP: 145/146 MP: 17/17
 35562 | Shoals:4 | Got a barnacled rune of Zot
 36000 | Shoals:4 | Noticed a kraken
 36012 | Shoals:4 | Killed a kraken
 36444 | Snake:1  | Entered Level 1 of the Snake Pit
 37592 | Snake:2  | Found Ducu Tack's Armour Shop.
 37595 | Snake:2  | Found Xoinaibe's Armour Shop.
 37595 | Snake:2  | Found Otelut's Magic Scroll Boutique.
 37600 | Snake:2  | Found Azxowaur's Antique Armour Boutique.
 37622 | Snake:2  | Bought a pair of translucent gloves for 313 gold pieces
 37622 | Snake:2  | Identified the +0 pair of gloves of the Iron City of Dis
                  | {+Blink Str+3 Dex-5} (You bought it in a shop on level 2 of
                  | the Snake Pit)
 37625 | Snake:2  | Bought a scroll of enchant armour for 127 gold pieces
 37625 | Snake:2  | Bought a scroll of enchant weapon for 127 gold pieces
 37742 | Snake:2  | Received a gift from Trog
 38753 | Snake:3  | Reached skill level 21 in Unarmed Combat
 39004 | Snake:3  | Found Wari's Antique Weapon Emporium.
 39031 | Snake:3  | Found an iron altar of Okawaru.
 39104 | Snake:3  | Noticed Heuqoc's ghost (adept TeFi)
 39145 | Snake:3  | Found a transporter.
 39146 | Snake:3  | Found a bloodstained altar of Trog.
 39153 | Snake:3  | Found a transporter.
 39330 | Snake:4  | Entered Level 4 of the Snake Pit
 39330 | Snake:4  | Noticed Vashnia
 39353 | Snake:3  | Killed Vashnia
 39861 | Snake:3  | Received a gift from Trog
 40047 | Snake:4  | Noticed Bai Suzhen
 40166 | Snake:3  | Killed Bai Suzhen
 40167 | Snake:3  | Reached XP level 18. HP: 95/157 MP: 18/18
 40382 | Snake:4  | Noticed Agnes
 40393 | Snake:4  | Killed Agnes
 40658 | Snake:4  | Found Siocveag's Book Boutique.
 40659 | Snake:4  | Found Aguesick's Jewellery Emporium.
 40660 | Snake:4  | Found Gedeog's Book Boutique.
 42518 | Snake:4  | Got a serpentine rune of Zot
 42836 | Depths:1 | Entered Level 1 of the Depths
 42975 | Depths:1 | Noticed a lich
 43705 | Depths:1 | Received a gift from Trog
 43947 | Depths:1 | Found a broken altar of Ashenzari.
 44229 | Depths:1 | Killed a lich
 44614 | Depths:1 | Reached skill level 1 in Throwing
 44964 | Depths:1 | Reached XP level 19. HP: 158/163 MP: 19/19
 44980 | Depths:1 | Found a gateway to Hell.
 45912 | Depths:2 | Found a one-way gateway to a ziggurat.
 45912 | Depths:2 | Noticed a golden dragon
 46012 | Depths:2 | Killed a golden dragon
 46192 | Depths:2 | Reached skill level 5 in Throwing
 46315 | Depths:2 | Found an ornate altar of the Wu Jian Council.
 46949 | Depths:2 | Found a one-way gate leading to the halls of Pandemonium.
 47216 | Depths:2 | Found a one-way gate to the infinite horrors of the Abyss.
 47558 | Depths:2 | Noticed a caustic shrike
 47650 | Depths:2 | Killed a caustic shrike
 48253 | Vaults:1 | Entered Level 1 of the Vaults
 48278 | Vaults:1 | Received a gift from Trog
 48409 | Vaults:1 | Found a crumbling gateway.
 48427 | Desolati | Entered the Desolation of Salt
 48714 | Desolati | Identified the +4 troll leather armour "Peurujer" {rN+
                  | Regen+ MP+9 Str+7 Int-5}
 48714 | Desolati | Identified the ring of Dyusuriy {rF+ rC+ Dex+2}
 48723 | Desolati | Identified the ring of Zonkoduh {rC- MP+9 Int+4 SInv}
 48823 | Desolati | Received a gift from Trog
 48979 | Desolati | Reached XP level 20. HP: 93/172 MP: 20/20
 49218 | Desolati | Identified the ring "Ynluwn" {Wiz rElec Int+5 Dex-3}
 49220 | Desolati | Identified the amulet "Gumuun" {Reflect rC+ SH+5}
 49275 | Desolati | Found the +10 tower shield of Ignorance {rN+ Int-4}
 49282 | Desolati | Identified the +1 quarterstaff "Monadoah" {drain, Drain
                  | rPois Will+ SInv}
 49285 | Desolati | Identified the +4 mace of Onaba {holy, Fragile rPois
                  | Will+++ Stlth-}
 49292 | Desolati | Identified the +1 leather armour of Leneyth {rC++ Str-4
                  | Int+2}
 50035 | Vaults:1 | Received a gift from Trog
 50622 | Orc:2    | Bought the +2 cloak of the Thief {*Fog Slay-2 SInv Stlth+}
                  | for 743 gold pieces
 50622 | Orc:2    | Found the +2 cloak of the Thief {*Fog Slay-2 SInv Stlth+}
 50863 | Vaults:1 | Found Pugugum's Assorted Antiques.
 50887 | Vaults:1 | Found Yroeguw's Distillery.
 50972 | Vaults:1 | Found Licuid's Assorted Antiques.
 51202 | Vaults:1 | Found Runent's Magic Scroll Shoppe.
 51251 | Vaults:1 | Reached skill level 22 in Unarmed Combat
 52803 | Vaults:2 | Received a gift from Trog
 54651 | Vaults:3 | Found a transporter.
 54708 | Vaults:3 | Found a transporter.
 54710 | Vaults:3 | Noticed Toam's ghost (veteran VSVM)
 54870 | Vaults:3 | Identified the +7 dagger "Uciofulu" {elec, rElec rN+ Str-2}
 54874 | Vaults:3 | Found a staircase to the Crypt.
 54874 | Vaults:3 | Found a basalt altar of Yredelemnul.
 54875 | Vaults:3 | Found an ancient bone altar of Kikubaaqudgha.
 55366 | Vaults:3 | Received a gift from Trog
 55395 | Vaults:3 | Reached XP level 21. HP: 112/182 MP: 21/21
 56025 | Vaults:3 | Reached skill level 23 in Unarmed Combat
 57307 | Vaults:4 | Received a gift from Trog
 58607 | Vaults:4 | Noticed a golden dragon
 58614 | Vaults:4 | Killed a golden dragon
 59108 | Vaults:4 | Received a gift from Trog
 60255 | Depths:3 | Noticed a golden dragon
 60268 | Depths:3 | Killed a golden dragon
 60276 | Depths:3 | Reached skill level 24 in Unarmed Combat
 60337 | Depths:3 | Noticed a caustic shrike
 60357 | Depths:3 | Killed a caustic shrike
 60923 | Depths:3 | Found the +5 robe of Night {Dark Will+ SInv}
 61011 | Depths:3 | Noticed a caustic shrike
 61012 | Depths:3 | Received a gift from Trog
 61382 | Depths:3 | Reached XP level 22. HP: 184/194 MP: 22/22
 62199 | Depths:3 | Killed a caustic shrike
 62712 | Depths:3 | Found an opulent altar of Gozag.
 63305 | Elf:1    | Entered Level 1 of the Elven Halls
 63383 | Elf:1    | Paralysed by an air elemental for 1 turns
 63481 | Elf:1    | Identified the +0 spear of Ximponea {flame, Stlth+} (Trog
                  | gifted it to you on level 1 of the Elven Halls)
 63481 | Elf:1    | Received a gift from Trog
 63747 | Elf:1    | Found Wokedai's General Store.
 63809 | Elf:1    | Bought a scroll of enchant weapon for 120 gold pieces
 63809 | Elf:1    | Bought 6 curare-tipped darts for 115 gold pieces
 64066 | Vaults:1 | Bought a scroll of blinking for 120 gold pieces
 64066 | Vaults:1 | Bought a scroll of enchant weapon for 120 gold pieces
 64210 | D:14     | You paid a toll of a +8 demon whip to enter a treasure
                  | trove
 64211 | Trove    | Entered a treasure trove
 64232 | Trove    | Identified the amulet of Ascent {RegenMP rElec rPois rN++
                  | Stlth-}
 65212 | Elf:2    | Found a runed translucent gate.
 65422 | Elf:2    | Found a runed translucent gate.
 65423 | Elf:2    | Found a runed translucent gate.
 65588 | Elf:2    | Received a gift from Trog
 65611 | Elf:2    | HP: 3/195 [deep elf pyromancer/bolt of fire (8)]
 66255 | Elf:3    | Entered Level 3 of the Elven Halls
 66266 | Elf:3    | Reached skill level 25 in Unarmed Combat
 66270 | Elf:3    | Noticed Aizul
 66281 | Elf:3    | Killed Aizul
 66369 | Elf:3    | Identified the +1 leather armour of Feasting {Int+3 Stlth+}
 66506 | Elf:3    | Received a gift from Trog
 66537 | Elf:3    | Identified the ring "Nigyib" {rElec rC+ Will++ Str-4}
 67955 | Elf:3    | Identified the staff of earth "Isusoa" {rElec Dex+3}
 67958 | Elf:3    | Received a gift from Trog
 68014 | Elf:3    | Reached XP level 23. HP: 203/203 MP: 23/23
 68119 | Elf:3    | Identified the +1 pair of gloves of Lies {Will++ Str-3
                  | Stlth+}
 68139 | Elf:3    | Identified the staff of poison "Xaisuo" {rElec rPois rF+
                  | Str-4 Int+2 SInv}
 68160 | Elf:3    | Identified the +3 kite shield "Cyofilil" {Drain Will+ MP+9}
 68381 | D:10     | Bought a ring of resist corrosion for 300 gold pieces
 68574 | Crypt:1  | Entered Level 1 of the Crypt
 68956 | Crypt:1  | Noticed Jory
 69003 | Crypt:1  | Killed Jory
 69245 | Crypt:1  | Noticed Xtahua
 69258 | Crypt:1  | Killed Xtahua
 69908 | Crypt:1  | Reached skill level 26 in Unarmed Combat
 71263 | Crypt:3  | Entered Level 3 of the Crypt
 71263 | Crypt:3  | Noticed Mennas
 72147 | Crypt:2  | Killed Mennas
 72657 | Crypt:3  | Found a staircase to the Tomb.
 72739 | Crypt:3  | Found an ancient bone altar of Kikubaaqudgha.
 72805 | Crypt:3  | Noticed Saint Roka
 72817 | Crypt:3  | Received a gift from Trog
 72827 | Crypt:3  | Killed Saint Roka
 72828 | Crypt:3  | Reached skill level 27 in Unarmed Combat
 72984 | Crypt:3  | Noticed Vv
 72998 | Crypt:3  | Killed Vv
 73366 | Crypt:3  | Noticed a curse toe
 73374 | Crypt:3  | Killed a curse toe
 73665 | Crypt:3  | Noticed an ancient lich
 73665 | Crypt:3  | Noticed an ancient lich
 73666 | Crypt:3  | Noticed an ancient lich
 73666 | Crypt:3  | Noticed an ancient lich
 73847 | Crypt:3  | Killed an ancient lich
 73849 | Crypt:3  | Killed an ancient lich
 73853 | Crypt:3  | HP: 3/207 [ancient lich/crystal spear (91)]
 73853 | Crypt:3  | Killed an ancient lich
 74312 | Crypt:3  | Killed an ancient lich
 74321 | Crypt:3  | Identified the ring of a Billion Thickets {rN+ Int+2}
 74321 | Crypt:3  | Identified the ring "Pecs" {+Blink rC- rN+ rCorr Slay+5}
 74639 | Slime:1  | Entered Level 1 of the Pits of Slime
 75010 | Slime:1  | Reached XP level 24. HP: 169/217 MP: 23/23
 75106 | Slime:1  | Reached skill level 10 in Throwing
 75674 | Slime:2  | Received a gift from Trog
 76618 | Slime:4  | Reached skill level 10 in Armour
 77227 | Slime:5  | Entered Level 5 of the Pits of Slime
 77397 | Slime:5  | Noticed the Royal Jelly
 77431 | Slime:5  | Killed the Royal Jelly
 78357 | Slime:4  | Received a gift from Trog
 78856 | Slime:5  | Identified the +0 trident of Crusades {holy, rF+ rN+ Int+3}
 78887 | Slime:5  | Got a slimy rune of Zot
 78913 | Slime:5  | Identified the +5 rapier of the Sharp God {flame, *Rage
                  | Int+3 Dex+3}
 78944 | Slime:5  | Identified the +6 halberd "Micwe" {flame, rCorr Str+4
                  | Int-4}
 79349 | Depths:2 | Voluntarily entered the Abyss.
 79636 | Abyss:1  | Reached skill level 10 in Dodging
 79695 | Abyss:2  | Found a corrupted altar of Lugonu.
 80169 | Abyss:2  | Paralysed by accursed screaming for 1 turns
 80236 | Abyss:2  | Paralysed by accursed screaming for 1 turns
 80354 | Abyss:3  | Received a gift from Trog
 80984 | Abyss:3  | Reached skill level 10 in Shields
 81057 | Abyss:3  | Received a gift from Trog
 81181 | Abyss:3  | Reached XP level 25. HP: 223/223 MP: 23/23
 81438 | Abyss:3  | Paralysed by accursed screaming for 2 turns
 81475 | Abyss:3  | Received a gift from Trog
 81745 | Abyss:4  | Received a gift from Trog
 81755 | Abyss:4  | Got an abyssal rune of Zot
 81787 | Depths:2 | Escaped the Abyss
 81895 | Depths:4 | Entered Level 4 of the Depths
 81930 | Depths:4 | Found a corrupted altar of Lugonu.
 83187 | Depths:4 | Received a gift from Trog
 83342 | Depths:4 | Found a gate to the Realm of Zot.
 83449 | Zot:1    | Entered Level 1 of the Realm of Zot
 84003 | Zot:2    | Found a runed translucent door.
 84004 | Zot:2    | Found a shimmering altar of Xom.
 84004 | Zot:2    | Noticed Emnejil's ghost (master VSBe)
 84009 | Zot:2    | Noticed an orb of fire
 84020 | Zot:2    | HP: 10/228 [orb of fire/fireball (41)]
 84023 | Zot:2    | Killed from afar by an orb of fire

Illustrated notes

Levels and vault maps discovered:
D:1:      minmay_arrival_hallway, layout_basic
D:2:      layout_basic, kennysheep_generic_room_6
D:3:      layout_basic, shapermc_ecumenical_altar_flowoftime,
          gup_sewer_entry_glass, serial_undead, serial_undead_a,
          serial_undead_f, serial_undead_b, serial_undead_f, uniq_ijyb,
          uniq_natasha
D:4:      layout_rooms, mainiacjoe_overflow_24_doors,
          nemelex_diamond_rough_becter, lemuel_round_altar, minmay_fountain_box
D:5:      layout_basic, mainiacjoe_overflow_paths,
          minmay_temple_entry_large_hall, ebering_ghost_reflecting_pool,
          minmay_misc_feat_five, kennysheep_generic_room_4
D:6:      layout_loops_ring, makhleb_blood_cavern_becter,
          nicolae_shop_overcharged_wands, uniq_edmund, uniq_crazy_yiuf_cottage
D:7:      layout_layer_cave, tso_oasis_becter
D:8:      layout_basic, uniq_maurice, uniq_joseph
D:9:      minmay_sliced_demisemicircle, layout_loops_ring,
          hellmonk_ghost_happy_afterlife, corner_web_ring,
          hangedman_decor_riveting
D:10:     minmay_the_grid_four_pointed_star
          [minmay_the_grid_triangle_9x9_stretched_checkered,
          minmay_the_grid_triangle_9x9_sparse_checkered,
          minmay_the_grid_triangle_9x9_descending_squares,
          minmay_the_grid_triangle_9x9_windchime,
          minmay_the_grid_prize_shrinking_boxes], layout_long_grid,
          nicolae_overflow_crystal_walls, nicolae_overflow_quartered_altars,
          minmay_orc_entry_temple_small, serial_shops, shop, uniq_amaemon
D:11:     lemuel_ogre_cave, layout_rooms, uniq_fannar
D:12:     layout_grid_maze, portal_ice_cave_entry_pillars_2
D:13:     layout_rooms, lightli_vaults_fourway_checkpoint,
          gammafunk_ghost_nasty_kobolds, uniq_nessos
D:14:     kennysheep_scales, layout_long_grid, columned_hall_lemuel,
          nicolae_trove_entry_crossroad, uniq_rupert
D:15:     hangedman_depths_entry_try_elsewhere_first, layout_loops_ring,
          nicolae_eternal_life
Lair:1:   hellmonk_ruined_rings, layout_long_grid, serial_rivers,
          chequers_serial_rivers_marsh, chequers_serial_rivers_micro_b,
          chequers_serial_rivers_micro_b, chequers_serial_rivers_marsh,
          chequers_serial_rivers_small_3, chequers_serial_rivers_marsh
Lair:2:   layout_hall_layers, elwin_shoals_entry_stream, dummy_snake_entry
Lair:3:   layout_misc_corridors, grunt_megastairs_1
Lair:4:   layout_misc_corridors, minmay_slime_entry_oklob_enclosed,
          gauntlet_entry_generic, guppyfry_lair_drakes, grunt_megastairs_2
Lair:5:   evilmike_catoblepas_cave, layout_cave_pods, grunt_megastairs_3,
          lemuel_fruit_fields, infiniplex_staircase_pool
Shoals:1: layout_shoals, nicolae_shoals_lost_giant_amphitheater
Shoals:2: layout_shoals, uniq_kirke, uniq_polyphemus
Shoals:3: layout_shoals, nicolae_shoals_loop_pool
Shoals:4: shoals_end_grunt_ice, layout_shoals
Snake:1:  nicolae_snake_nest, layout_onion_interference, lemuel_fruit_tree
Snake:2:  layout_basic, minmay_shoptagon
Snake:3:  layout_rooms, basic_altar, serial_shops, shop,
          gammafunk_ghost_wrathful_warriors
Snake:4:  snake_pit_salamanders_mu, layout_rooms, st_stairs_4,
          minmay_shop_grove, serial_bayou_shore_a, uniq_agnes, uniq_bai_suzhen,
          uniq_vashnia
Slime:1:  layout_caves
Slime:2:  layout_caves
Slime:3:  layout_caves
Slime:4:  layout_caves
Slime:5
Orc:1:    dreamdust_dug_too_deep, layout_caves
Orc:2:    grunt_orc_cross, layout_caves, basic_altar
Elf:1:    eino_elf_arrival_the_gate, layout_geoelf_diagonals, serial_shops,
          shop, minmay_elf_annihilation
Elf:2:    elven_hall_of_blades_hangedman_original
          [nicolae_blade_entry_diamond_columns], layout_onion_city
Elf:3:    grunt_elf_hall_asides, layout_gridlike, onia_ninara_cookie, uniq_aizul
Vaults:1: portal_desolation_entry_twin_temple, nicolae_vaults_little_squares_5,
          nicolae_vaults_heart-shaped_vault, ontoclasm_vaults_loading_screen,
          vaults_dpeg_emergency_exit, nicolae_vaults_offset_grid_hallway_1,
          v_misc_10, ontoclasm_vaults_chip, v_misc_19, st_quartered_hall,
          nicolae_vaults_house_1, vaults_room_grunt_arrival_ludios,
          vaults_room_pool, nicolae_vaults_mini_display_case,
          nicolae_vaults_cochlea, nicolae_vaults_double_plus_2,
          layout_vaults_ring, serial_shops, shop, shop,
          nicolae_shop_advertising_works [nicolae_subvault_shop_adworks],
          nicolae_shop_temple_entry_statues_fountains
Vaults:2: vaults_mumra_lcd, nicolae_vaults_stepped_doors,
          nicolae_vaults_yaktaur_gun_rack, v_rooms_6, ontoclasm_vaults_ligature,
          v_misc_29, v_misc_28, nicolae_vaults_surprise_closet_hard,
          layout_vaults_quadrants
Vaults:3: gammafunk_ghost_abyssal_escape, minmay_crypt_entry_necro_gods,
          v_misc_26, nicolae_vaults_alarming, nicolae_vaults_meiosis,
          v_pattern_5, nicolae_vaults_windows_and_doors_thing,
          hangedman_vaults_snaps, nicolae_vaults_little_squares_6,
          nicolae_vaults_little_squares_1, vaults_dpeg_ring,
          layout_vaults_omnibox
Vaults:4: nicolae_vaults_tangent_ellipses, vaults_mumra_minichess,
          nicolae_vaults_two_Ls, vaults_dpeg_cross, hangedman_vaults_slice,
          nicolae_vaults_big_ls, nicolae_vaults_apartment_1,
          nicolae_vaults_two_Ls, nicolae_vaults_offset_grid_hallway_2,
          nicolae_vaults_apartment_2, hangedman_vaults_slither,
          nicolae_vaults_double_plus_2, hangedman_vaults_maws,
          nicolae_vaults_theta, nicolae_vaults_closet_pinwheel_4,
          layout_vaults_maze
Crypt:1:  layout_basic, uniq_xtahua, uniq_jory
Crypt:2:  layout_misc_corridors
Crypt:3:  david_glass_crypt, layout_rooms, tomb_entry_simple_bobbens,
          weyrava_vampire_temple, uniq_vv, uniq_saint_roka, uniq_mennas
Depths:1: layout_basic, solitary_fountain, hangedman_tar_grid_catacomb,
          serial_bayou, serial_bayou_shore_b, serial_bayou_crossing,
          serial_bayou_pond_b, serial_bayou_pond_b, st_stairs_2,
          nicolae_ashenzari_panopticon
Depths:2: kennysheep_water_balloons, layout_gridlike, enter_ziggurat_b,
          pf_vacation_house_of_asmodeus, rand_demon_pan_entry_7, abyss_entry,
          pdpol_wu_jian_five_deadly_venoms
Depths:3: minmay_four_inscribed_fans, layout_gridlike, abyss_entry, hell_entry,
          nicolae_gozag_cash_rules_everything_around_me
Depths:4: grunt_bruiser_brothers, layout_basic, grunt_hell_entry_dis_grunt,
          minmay_misc_feat_iff, abyss_entry_flame_altar
Zot:1:    layout_cellular_growth
Zot:2:    layout_gridville, ebering_ghost_xom, grunt_megastairs_5, uniq_tiamat

Skill      XL: |  1  2  3  4  5  6  7  8  9 10 11 12 13 14 15 16 17 18 19 20 21 22 23 24 25 |
---------------+----------------------------------------------------------------------------+-----
Armour         | 2 3 4 6 7 9 12 | 12.0
Dodging        | 2 3 6 9 12 | 12.0
Unarmed Combat | 3 5 6 7 9 11 13 15 17 18 20 21 22 24 25 27 | 27.0
Fighting       | 4 5 6 8 9 11 12 13 15 16 18 19 21 22 24 25 | 25.3
Shields        | 3 6 9 10 12 | 12.0
Throwing       | 2 9 12 | 12.0

Action                     |  1- 3 |  4- 6 |  7- 9 | 10-12 | 13-15 | 16-18 | 19-21 | 22-24 | 25-27 || total
---------------------------+-------+-------+-------+-------+-------+-------+-------+-------+-------++-------
  Melee: Unarmed           |   173 |   446 |   463 |   651 |  1657 |  1704 |  1878 |  2384 |   503 ||  9859
         Punch             |     3 |    16 |    22 |    27 |       |       |       |       |       ||    68
  Throw: Dart              |       |       |     6 |    56 |     2 |       |       |       |       ||    64
         Throwing net      |       |       |       |     4 |     4 |     2 |     1 |     3 |       ||    14
         Javelin           |       |       |       |       |     2 |    11 |    40 |    28 |     5 ||    86
         Boomerang         |       |       |       |       |       |    25 |     5 |     2 |    41 ||    73
 Invoke: Trog's Hand       |       |     3 |     3 |    11 |    14 |     5 |     8 |    13 |     5 ||    62
         Brothers in Arms  |       |       |     1 |       |     5 |    12 |    15 |    21 |     6 ||    60
  Evoke: Wand              |       |       |    11 |    11 |     2 |     1 |       |     1 |       ||    26
         Lightning rod     |       |       |       |       |     4 |       |       |       |       ||     4
         Phantom mirror    |       |       |       |       |     1 |       |       |     2 |       ||     3
         Box of beasts     |       |       |       |       |     1 |       |       |       |       ||     1
    Use: Scroll            |     6 |     3 |     3 |     7 |    10 |    10 |    16 |    24 |     1 ||    80
   Stab: Held in net/web   |       |       |       |     2 |     3 |       |       |       |       ||     5
         Distracted        |       |       |       |       |       |     1 |       |     2 |     3 ||     6
 Armour: Animal skin       |     5 |       |       |       |       |       |       |       |       ||     5
         Ring mail         |    48 |   195 |   229 |   225 |       |       |       |       |       ||   697
         Troll leather arm |       |       |       |   141 |   113 |       |       |       |       ||   254
         Chain mail        |       |       |       |       |   489 |   380 |       |       |       ||   869
         Leather armour    |       |       |       |       |    13 |       |       |       |       ||    13
         Storm dragon scal |       |       |       |       |       |   210 |   586 |   761 |   111 ||  1668
  Dodge: Dodged            |    94 |   244 |   241 |   388 |  1247 |  1456 |  1298 |  1410 |   206 ||  6584
  Block: Buckler           |       |       |       |    74 |   487 |   506 |   490 |   763 |   121 ||  2441
